 Dungeon Crawl Stone Soup version 0.30.1-3-gfc49f6343a (webtiles) character file.

Game seed: 76191392340920434

55 Descartes the Shield-Bearer (level 4, -1/37 HPs)
             Began as a Formicid Fighter on July 31, 2023.
             Slain by a cerulean imp
             ... wielding a +2 spear
             ... summoned by Natasha
              (3 damage)
             ... on level 2 of the Dungeon.
             The game lasted 00:03:09 (1256 turns).

Descartes the Shield-Bearer (Formicid Fighter)      Turns: 1256, Time: 00:03:10

Health: -1/37      AC:  5    Str: 22    XL:     4   Next: 14%
Magic:  4/4        EV:  9    Int:  8    God:
Gold:   76         SH:  5    Dex: 13    Spells: 3/3 levels left

rFire   . . .        o - +2 whip (pain)
rCold   . . .        c - +0 buckler
rNeg    . . .        b - +0 scale mail
rPois   .            (helmet unavailable)
rElec   .            (no cloak)
rCorr   .            (no gloves)
SInv    +            n - +0 pair of boots
Will    .....        (no amulet) Stlth
                     (no ring)
HPRegen 0.26/turn    (no ring)
MPRegen 0.09/turn

%: no passive effects
@: no status effects
A: permanent stasis, dig shafts and tunnels, antennae 3, four strong arms,
deformed body
a: Dig, Shaft Self


You were on level 2 of the Dungeon.
You visited 1 branch of the dungeon, and saw 2 of its levels.

You collected 76 gold pieces.

Inventory:

Hand Weapons
 a - a +0 war axe
 o - a +2 whip of pain (weapon)
Missiles
 l - 5 javelins
Armour
 b - a +0 scale mail (worn)
 c - a +0 buckler (worn)
 n - a +0 pair of boots (worn)
Scrolls
 e - a scroll of vulnerability {unknown}
 f - a scroll of fog {unknown}
 i - a scroll of teleportation {unknown}
 j - a scroll of identify {unknown}
 k - a scroll of butterflies {unknown}
 p - a scroll of immolation {unknown}
 q - a scroll of magic mapping {unknown}
 r - a scroll of noise {unknown}
Potions
 d - a potion of might
 g - a potion of curing {unknown}
 h - a potion of mutation
 m - a potion of haste {unknown}


   Skills:
 + Level 3.6 Fighting
 + Level 2.5 Axes
 + Level 0.0(1.4) Maces & Flails
 + Level 3.7 Armour
 + Level 4.5 Shields
 + Level 1.1 Translocations


You had 3 spell levels left.
You didn't know any spells.
Your spell library was empty.

Dungeon Overview and Level Annotations

Branches:
Dungeon (2/15)

Altars:
Fedhas

Shops:
D:1 !

Annotations:
D:2 Natasha


Innate Abilities, Weirdness & Mutations

You cannot be hasted, slowed, berserked, paralysed or teleported.
You can dig through walls and to a lower floor.
You have a pair of large antennae on your head. (SInv)
Your four strong arms can wield two-handed weapons with a shield.
Armour fits poorly on your strangely shaped body.


Message History

Natasha claws you. The cerulean imp closely misses you.
The cerulean imp hits you but does no damage.
You closely miss the cerulean imp.
The cerulean imp is moderately wounded.
Natasha mumbles some strange words.
The cerulean imp barely misses you.
You hit the cerulean imp.
The cerulean imp is heavily wounded.
The cerulean imp hits you with a +0 spear.
Natasha claws you. You block the cerulean imp's attack.
You are too injured to fight recklessly!
You are too injured to fight recklessly!
You are too injured to fight recklessly!
You are too injured to fight recklessly!
Unknown command.
You hit Natasha.
Natasha is lightly wounded.
The cerulean imp hits you from afar with a +2 spear.
Natasha barely misses you.
The cerulean imp hits you from afar with a +2 spear.
* * * LOW HITPOINT WARNING * * *
The cerulean imp hits you but does no damage.
You hit Natasha.
Natasha is moderately wounded.
The cerulean imp hits you but does no damage.
Natasha barely misses you. The cerulean imp closely misses you.
The cerulean imp hits you but does no damage.
Unknown command.
You hit Natasha.
Natasha is severely wounded.
The cerulean imp hits you but does no damage.
Natasha claws you.
* * * LOW HITPOINT WARNING * * *
The cerulean imp hits you from afar with a +2 spear.
* * * LOW HITPOINT WARNING * * *
The cerulean imp hits you but does no damage.
It was a potion of mutation.
You feel extremely strange.
Your body twists and deforms.
The cerulean imp hits you from afar with a +2 spear.
You die...

################################.
#† ######## #. #......# #.
#.....?# #. ##......######### #.
.......>........# #.
#......#######.# #. #.####@# #.#
#. #....5h# #.# #. #...5.5# #.#
#. #......# #.#######. #.#....#
#.......#. { # #....# #######.#.
#!.... #.#. #..... #.#. #.#.


You could see Natasha and 3 cerulean imps.

Vanquished Creatures
  A gnoll (D:1)
  An adder (D:2)
  2 dart slugs (D:1)
  4 ball pythons (D:1)
  3 endoplasms
  2 giant cockroaches (D:1)
  3 quokkas
  4 bats
  3 goblins (D:1)
  4 kobolds
  6 rats
33 creatures vanquished.

Notes
Turn   | Place    | Note
-------+----------+-------------------------------------------
     0 | D:1      | Descartes the Formicid Fighter began the quest for the Orb.
     0 | D:1      | Reached XP level 1. HP: 18/18 MP: 1/1
    68 | D:1      | Reached XP level 2. HP: 21/24 MP: 2/2
   425 | D:1      | Found Fomamiw's Distillery.
   439 | D:1      | Reached XP level 3. HP: 29/29 MP: 3/3
   602 | D:1      | Found a faded altar of an unknown god.
   992 | D:2      | Reached skill level 1 in Translocations
  1024 | D:2      | Found a blossoming altar of Fedhas.
  1132 | D:2      | Reached XP level 4. HP: 37/37 MP: 4/4
  1244 | D:2      | Noticed Natasha
  1256 | D:2      | Gained mutation: Armour fits poorly on your strangely
                  | shaped body. [potion of mutation]
  1256 | D:2      | Slain by a cerulean imp

Illustrated notes

Levels and vault maps discovered:
D:1:      scummos_arrival_simple_crosswalls, layout_loops_ring, serial_shops,
          shop, chequers_ecumenical_altar_grove, minmay_statues_item,
          minmay_pentomino_r2
D:2:      layout_basic, basic_altar, uniq_natasha

Skill      XL: |  1  2  3 |
---------------+----------+-----
Translocations | 1 |  1.1
Fighting       | |  3.6
Axes           | |  2.5
Armour         | |  3.7
Shields        | |  4.5

Action                     |  1- 3 |  4- 6 || total
---------------------------+-------+-------++-------
  Melee: War axe           |    46 |       ||    46
         Whip              |    26 |    11 ||    37
Ability: Dig               |     1 |       ||     1
    Use: Potion            |       |     1 ||     1
 Armour: Scale mail        |    34 |     8 ||    42
  Dodge: Dodged            |    35 |     6 ||    41
  Block: Buckler           |     7 |     2 ||     9
